 Dungeon Crawl Stone Soup version 0.22-a0-815-gb582571 (webtiles) character file.

599 iamserjio the Chiller (level 7, -1/46 HPs)
             Began as a Barachi Ice Elementalist on July 23, 2018.
             Slain by a centaur (9 damage)
             ... on level 5 of the Dungeon.
             The game lasted 00:17:57 (1831 turns).

iamserjio the Chiller (Barachi Ice Elementalist)    Turns: 1831, Time: 00:17:59

Health: -1/46      AC: 11    Str:  9    XL:     7   Next: 41%
Magic:  6/14       EV: 12    Int: 17    God:
Gold:   187        SH:  0    Dex: 13    Spells: 5/15 levels left

rFire    . . .     SeeInvis .   u - +3 dagger (venom)
rCold    . . .     Gourm    .   (no shield)
rNeg     . . .     Faith    .   a - +0 robe
rPois    .         Spirit   .   o - +0 helmet
rElec    .         Reflect  .   (no cloak)
rCorr    .         Harm     .   n - +2 pair of gloves
MR       .....                  (no boots)
Stlth    ++........             (no amulet)
HPRegen  0.15/turn              (no ring)
MPRegen  0.14/turn              (no ring)

@: lethally poisoned (-1 -> -2), icy armour, slow
A: +LOS, swims, slowness 1, strong legs 1
a: Hop


You were on level 5 of the Dungeon.
You were hungry.

You visited 1 branch of the dungeon, and saw 5 of its levels.

You collected 187 gold pieces.

Inventory:

Hand Weapons
 d - a +0 club
 g - a +0 hunting sling
 h - a +0 short sword
 m - a -3 spear
 p - a +1 dagger of venom
 u - a +3 dagger of venom (weapon)
 A - a +0 vampiric dagger
Missiles
 e - 51 arrows
 x - 19 sling bullets
Armour
 a - a +0 robe (worn)
 f - a +2 ring mail of poison resistance
 n - a +2 pair of gloves (worn)
 o - a +0 helmet (worn)
Jewellery
 i - an uncursed amulet of rage {unknown}
 k - a cursed amulet of guardian spirit {unknown}
 q - an uncursed ring of protection from fire
Scrolls
 b - a scroll of fear {unknown}
 j - 2 scrolls of teleportation
 l - 6 scrolls of remove curse {@r2}
 r - a scroll of amnesia {unknown}
 t - 2 scrolls of random uselessness
 v - a scroll of magic mapping {unknown}
 y - 2 scrolls of enchant weapon {unknown}
Potions
 s - a potion of might
Comestibles
 c - 11 rations
 w - a chunk of flesh


   Skills:
 * Level 0.0 Fighting
 + Level 2.1 Dodging
 - Level 1.7 Stealth
 + Level 4.9 Spellcasting
 * Level 4.7 Conjurations
 + Level 4.1 Summonings
 + Level 5.0 Ice Magic


You had 5 spell levels left.
You knew the following spells:

 Your Spells              Type           Power        Failure   Level  Hunger
a - Freeze                Ice            ###.         1%          1    None
b - Throw Frost           Conj/Ice       ###...       3%          2    #......
c - Ozocubu's Armour      Chrm/Ice       ##......     16%         3    ###....
d - Summon Ice Beast      Ice/Summ       ###.....     22%         4    ####...

Your spell library contained the following spells:

 Spells                   Type           Power        Failure   Level  Hunger
 Throw Icicle             Conj/Ice       ###.....     19%         4    ####...


Dungeon Overview and Level Annotations

Branches:
Dungeon (5/15)
 Temple: D:4-7

Altars:


Innate Abilities, Weirdness & Mutations

Shadows flee at your approach. (+LOS)
You can swim through water.
You cover ground slowly.
You can hop short distances.


Message History

Orders for allies: a - Attack new target. r - Retreat! s - Stop attacking. g - Guard the area. f - Follow me.
Anything else - Cancel.
Gang up on whom?
Press: ? - help, Dir - move target cursor, f - centaur
Aim: a centaur, wielding a shortbow Attack!
The centaur unwields an uncursed shortbow.
The centaur barely misses you.
Your ice beast hits the centaur.
Your ice beast freezes the centaur!
You closely miss the centaur.
The centaur is severely wounded.
You feel sick. The centaur hits you.
* * * LOW HITPOINT WARNING * * *
Your ice beast closely misses the centaur.
You hit the centaur.
The centaur is almost dead.
The centaur hits you!
You die...

..
###[#
..#.#
#.#.#
##.#.##
#.....#
#.....#
#.Yc..#
##@#.##
#.#.#
#.#.#
#.#.#
#.#.#
#.#.#
#.#c#
#.#.#
#.#


You could see a centaur and a friendly ice beast.

Vanquished Creatures
  A troll (D:4)
  2 killer bees (D:4)
  2 hounds
  An orc wizard (D:4)
  Natasha (twice) (D:3)
  2 worker ants
  A gnoll (D:1)
  4 adders
  4 worms
  3 dart slugs
  2 leopard geckos
  2 orcs
  5 giant cockroaches
  8 hobgoblins
  7 jackals
  10 kobolds
  2 quokkas
  8 bats
  4 frilled lizards
  8 goblins
  10 rats
88 creatures vanquished.

Vanquished Creatures (collateral kills)
  An ogre (D:4)
  An orc wizard (D:4)
  3 orcs (D:4)
5 creatures vanquished.

Grand Total: 93 creatures vanquished

Notes
Turn   | Place    | Note
-------+----------+-------------------------------------------
     0 | D:1      | iamserjio the Barachi Ice Elementalist began the quest for the Orb.
     0 | D:1      | Reached XP level 1. HP: 13/13 MP: 3/3
    20 | D:1      | Reached skill level 4 in Ice Magic
    20 | D:1      | Reached XP level 2. HP: 19/19 MP: 1/5
   138 | D:1      | Reached XP level 3. HP: 11/24 MP: 4/7
   268 | D:1      | Learned a level 2 spell: Throw Frost
   272 | D:1      | Learned a level 3 spell: Ozocubu's Armour
   535 | D:2      | Reached XP level 4. HP: 25/30 MP: 3/8
   856 | D:2      | Reached XP level 5. HP: 35/35 MP: 7/10
   883 | D:2      | Learned a level 4 spell: Summon Ice Beast
   928 | D:3      | Noticed an ice beast
   965 | D:3      | Noticed Natasha
  1198 | D:3      | Reached skill level 5 in Ice Magic
  1272 | D:3      | Reached skill level 1 in Summonings
  1410 | D:4      | Reached XP level 6. HP: 14/41 MP: 0/11
  1485 | D:4      | Noticed a troll
  1505 | D:4      | Killed a troll
  1562 | D:4      | Reached XP level 7. HP: 28/46 MP: 1/13
  1747 | D:3      | Killed Natasha
  1767 | D:3      | Noticed Natasha
  1775 | D:3      | Killed Natasha
  1821 | D:5      | Entered Level 5 of the Dungeon
  1831 | D:5      | Slain by a centaur

Vault maps used:
D:1:      doesnt_arrival_eight_statues, minmay_cupped
D:2:      first_ration, uniq_jessica, uniq_crazy_yiuf_cottage
D:3:      uniq_natasha
D:5:      basic_altar, minivault_11, grunt_decor_fettered, minivault_26,
          uniq_blork_the_orc

Skill      XL: |  1  2  3  4  5  6 |
---------------+-------------------+-----
Ice Magic      | 4 5 |  5.0
Spellcasting   | 3 4 |  4.9
Conjurations   | 2 3 4 |  4.7
Summonings     | 2 4 |  4.1
Dodging        | |  2.1
Stealth        | |  1.7

Action                   |  1- 3 |  4- 6 |  7- 9 || total
-------------------------+-------+-------+-------++-------
Melee: Unarmed           |    46 |       |       ||    46
       Short sword       |    22 |       |       ||    22
       Dagger            |     5 |    59 |    11 ||    75
 Cast: Freeze            |    39 |    49 |    10 ||    98
       Summon Ice Beast  |       |     5 |     2 ||     7
       Ozocubu's Armour  |       |     2 |     1 ||     3
       Throw Frost       |       |       |     2 ||     2
 Abil: Hop               |       |     2 |       ||     2
  Use: Scroll            |     2 |     2 |     1 ||     5
       Potion            |       |     2 |     4 ||     6
 Stab: Sleeping          |     1 |     5 |     1 ||     7
  Eat: Chunk             |       |     3 |     2 ||     5
Armor: Robe              |    34 |    29 |     6 ||    69
Dodge: Dodged            |    76 |    60 |    16 ||   152

Table legend:
 A = Spawn XP
 B = Non-spawn XP
 C = Spawn XP percentage of total XP
 D = Spawn monster count
 E = Non-spawn monster count
 F = Spawn count percentage of total count
 G = Total turns spent on level
                    A         B        C        D         E        F      G
               +---------+---------+-------+---------+---------+-------+---------
         Total |       0 |     857 |   0.0 |       0 |      93 |   0.0 |  1831
               +---------+---------+-------+---------+---------+-------+---------
           D:1 |       0 |      61 |   0.0 |       0 |      27 |   0.0 |   402
           D:2 |       0 |     119 |   0.0 |       0 |      27 |   0.0 |   618
           D:3 |       0 |     134 |   0.0 |       0 |      23 |   0.0 |   389
           D:4 |       0 |     505 |   0.0 |       0 |      15 |   0.0 |   412
           D:5 |       0 |      38 |   0.0 |       0 |       1 |   0.0 |    10
               +---------+---------+-------+---------+---------+-------+---------
